 Dungeon Crawl Stone Soup version 0.32-a0-540-g866d13106e (webtiles) character file.

Game seed: 8570931647966113850

123 lunkers the Chopper (level 5, -1/38 HPs)
             Began as a Coglin Gladiator on Feb 28, 2024.
             Slain by a gnoll
             ... wielding a +0 flail
              (7 damage)
             ... on level 2 of the Dungeon.
             The game lasted 00:02:40 (1350 turns).

lunkers the Chopper (Coglin Gladiator)              Turns: 1350, Time: 00:02:40

Health: -1/38      AC:  6    Str: 17    XL:     5   Next: 7%
Magic:  5/5        EV: 11    Int:  7    God:
Gold:   46         SH:  0    Dex: 15    Spells: 4/4 levels left

rFire   . . .        m - +2 mace (heavy) {Edwyna}
rCold   . . .        i - +3 dagger (holy) {Ashmeen}
rNeg    . . .        n - +0 ring mail
rPois   .            c - +0 helmet
rElec   .            (no cloak)
rCorr   .            (no gloves)
SInv    .            (no boots)
Will    .....        (no amulet)
Stlth   +            (ring unavailable)
HPRegen 0.26/turn    (ring unavailable)
MPRegen 0.09/turn

%: no passive effects
@: revved
A: off-hand wielding, slow wielding, warmup strikes, no rings
a: no special abilities


You were on level 2 of the Dungeon.
You visited 1 branch of the dungeon, and saw 2 of its levels.

You collected 46 gold pieces.

Inventory:

Hand Weapons
 a - a +0 war axe {Jia}
 f - a +0 dagger {Carmen}
 i - a +3 dagger of holy wrath (offhand) {Ashmeen}
 m - a +2 heavy mace (weapon) {Edwyna}
Missiles
 d - 3 throwing nets
 e - a javelin
Armour
 c - a +0 helmet (worn)
 n - a +0 ring mail (worn)
Scrolls
 b - a scroll of poison {unknown}
 g - 3 scrolls of identify {unknown}
 k - a scroll of fog {unknown}
 l - a scroll of fear {unknown}
Potions
 h - a potion of lignification {unknown}
 j - a potion of haste {unknown}


   Skills:
 - Level 2.0 Fighting
 + Level 5.6 Axes
 - Level 1.7 Throwing
 - Level 2.6 Dodging


You had 4 spell levels left.
You didn't know any spells.
Your spell library was empty.

Dungeon Overview and Level Annotations

Branches:
Dungeon (2/15)

Altars:


Innate Abilities, Weirdness & Mutations

You can wield a second weapon in your off-hand.
It takes a long time for you to wield or remove held weapons.
Your first few attacks do less damage.
Your grasper-arms cannot wear rings.


Message History

g - 3 scrolls labelled YDACERPH GIWN (gained 1)
Things that are here:
a +0 club; a kobold corpse
There is an open door here.
A gnoll comes into view. It is wielding a +0 halberd.
The gnoll shouts!
You hear a shout!
A gnoll comes into view. It is wielding a +0 flail.
The gnoll shouts!
A gnoll comes into view. It is wielding a +0 whip.
A gnoll comes into view.
It is wielding a +0 flail and quivering a throwing net.
The gnoll shouts! x2
The gnoll hits you with a +0 halberd!
You hit the gnoll with your +3 dagger of holy wrath.
The gnoll is moderately wounded.
You hit the gnoll with your +2 heavy mace.
The gnoll closely misses you.
You thump the gnoll with your +2 heavy mace!
You kill the gnoll!
The gnoll hits you with a +0 flail.
You hit the gnoll with your +2 heavy mace.
The gnoll is heavily wounded.
You closely miss the gnoll with your +3 dagger of holy wrath.
The gnoll hits you with a +0 flail!
* * * LOW HITPOINT WARNING * * *
You completely miss the gnoll with your +3 dagger of holy wrath.
The gnoll is heavily wounded.
You hit the gnoll with your +2 heavy mace.
The gnoll hits you but does no damage. The gnoll hits you with a +0 flail!
* * * LOW HITPOINT WARNING * * *
You sock the gnoll with your +2 heavy mace!
You kill the gnoll!
Unknown command.
You sock the gnoll with your +2 heavy mace!
You kill the gnoll!
You have reached level 5!
You hit the gnoll with your +3 dagger of holy wrath.
The gnoll is moderately wounded.
You completely miss the gnoll with your +2 heavy mace.
The gnoll hits you with a +0 flail!
You die...

#.##>###....#
#. #.####
#....# #. #.#
###'##
######. #.#
#.# #......
#.# #.####.
#.# #.# ##
#.# #.# #.#
#.# #@# #.#
#g# #.# #.#
#.# #.# #.#
#.# #.# #.#
#.# ..# #.#
### #.# #.#


You could see a gnoll.

Vanquished Creatures
  3 gnolls (D:2)
  2 adders (D:2)
  A dart slug (D:1)
  A ribbon worm (D:2)
  5 ball pythons
  7 endoplasms
  2 giant cockroaches (D:1)
  10 goblins
  3 hobgoblins
  7 jackals
  5 kobolds
  3 quokkas (D:2)
  8 bats
  4 frilled lizards
  5 rats
66 creatures vanquished.

Notes
Turn   | Place    | Note
-------+----------+-------------------------------------------
     0 | D:1      | lunkers the Coglin Gladiator began the quest for the Orb.
     0 | D:1      | Reached XP level 1. HP: 16/16 MP: 1/1
    89 | D:1      | Reached XP level 2. HP: 22/22 MP: 2/2
   215 | D:1      | Reached skill level 4 in Axes
   335 | D:1      | Reached XP level 3. HP: 27/27 MP: 3/3
   854 | D:2      | Reached XP level 4. HP: 33/33 MP: 4/4
  1126 | D:2      | Reached skill level 5 in Axes
  1350 | D:2      | Reached XP level 5. HP: 6/38 MP: 5/5
  1350 | D:2      | Slain by a gnoll

Illustrated notes

Levels and vault maps discovered:
D:1:      elethiomel_arrival_quiet, layout_loops_cross,
          chequers_serial_rivers_large_a
D:2:      layout_basic, skrybe_limestone_x, minmay_tetromino_s2

Skill      XL: |  1  2  3  4 |
---------------+-------------+-----
Axes           | 4 5 |  5.6
Fighting       | |  2.0
Throwing       | |  1.7
Dodging        | |  2.6

Action                     |  1- 3 |  4- 6 || total
---------------------------+-------+-------++-------
  Melee: War axe           |    35 |       ||    35
         Dagger            |    49 |    38 ||    87
         Mace              |    26 |    40 ||    66
   Stab: Sleeping          |     1 |       ||     1
 Armour: Leather armour    |    43 |       ||    43
         Ring mail         |     4 |    28 ||    32
  Dodge: Dodged            |    43 |    38 ||    81

Table legend: (Time is in decaauts)
 A = Elapsed time spent in this place.
 B = Non-inter-level travel time spent in this place.
 C = Inter-level travel time spent in this place.
 D = Time resting spent in this place.
 E = Time spent auto-exploring this place.
 F = Levels seen in this place.
 G = Mean time per level.
                   A        B        C        D        E       F      G
               +--------+--------+--------+--------+--------+-----+--------+
         Total |   1401 |   1386 |     15 |      0 |   1045 |   2 |  700.5 |
       Dungeon |   1401 |   1386 |     15 |      0 |   1045 |   2 |  700.5 |
               +--------+--------+--------+--------+--------+-----+--------+

Top non-repeatable levels by time:
     D:1: 749 daAuts
     D:2: 651 daAuts
